 Dungeon Crawl Stone Soup version 0.29.1-15-g9cfb28693d (webtiles) character file.

Game seed: 7853546850890503481

1 joshua the Chopper (level 1, 0/20 HPs)
             Began as a Minotaur Berserker on Mar 24, 2023.
             Was a Follower of Trog.
             Slain by a hobgoblin (5 damage)
             ... on level 1 of the Dungeon.
             The game lasted 00:00:47 (24 turns).

joshua the Chopper (Minotaur Berserker)               Turns: 24, Time: 00:00:47

Health: 0/20       AC:  2    Str: 21    XL:     1   Next: 16%
Magic:  0/0        EV:  9    Int:  4    God:    Trog [*.....]
Gold:   0          SH:  0    Dex:  9    Spells: 0/0 levels left

rFire   . . .      SeeInvis .   a - +0 hand axe
rCold   . . .      Faith    .   (no shield)
rNeg    . . .      Spirit   .   b - +0 animal skin
rPois   .          Reflect  .   (helmet restricted)
rElec   .          Harm     .   (no cloak)
rCorr   .          Rampage  .   (no gloves)
Will    .....                   (no boots)
Stlth   +.........              (no amulet)
HPRegen 0.06/turn               (no ring)
MPRegen 0.07/turn               (no ring)

@: constricted
A: horns 2, retaliatory headbutt
a: Renounce Religion, Berserk


You were on level 1 of the Dungeon.
You worshipped Trog.
Trog was aware of your devotion.
You visited 1 branch of the dungeon, and saw 1 of its levels.

Inventory:

Hand Weapons
 a - a +0 hand axe (weapon)
Armour
 b - a +0 animal skin (worn)


   Skills:
 + Level 3.6 Fighting
 + Level 3.6 Axes
 + Level 2.4 Armour
 + Level 2.2 Dodging


You couldn't memorise any spells.
You didn't know any spells.
Your spell library was empty.

Dungeon Overview and Level Annotations

Branches:
Dungeon (1/15)

Altars:


Innate Abilities, Weirdness & Mutations

You have a pair of horns on your head.
You reflexively headbutt those who attack you in melee.


Message History

A ball python comes into view.
Found a scroll labelled KUNYEL TOUDIAST and 5 stones.
A ball python comes into view.
The ball python hisses angrily.
A hobgoblin comes into view.
Found a scroll labelled KUNYEL TOUDIAST.
Found a stone staircase leading down.
The ball python hisses angrily.
The hobgoblin shouts!
You hit the ball python. Your headbutt misses the ball python.
The ball python is moderately wounded.
The ball python bites you. The ball python barely misses you.
You barely miss the ball python.
The ball python is moderately wounded.
You hit the ball python. The ball python bites you.
The ball python barely misses you. x2; The ball python completely misses you.
You closely miss the ball python.
You headbutt the ball python, but do no damage.
The ball python is heavily wounded.
You closely miss the ball python. The ball python closely misses you.
You furiously retaliate!
You headbutt the ball python. The ball python barely misses you.
The ball python bites you. The ball python grabs you.
The ball python constricts you. The ball python bites you.
The ball python constricts you. The ball python bites you.
You are too injured to fight recklessly!
Unknown command.
You are too injured to fight recklessly!
You hit the ball python but do no damage.
The ball python is moderately wounded.
You barely miss the hobgoblin. You hit the ball python.
You kill the ball python!
Trog accepts your kill. The hobgoblin hits you. The ball python bites you.
The ball python constricts you.
* * * LOW HITPOINT WARNING * * *
You closely miss the ball python.
The ball python is moderately wounded.
You closely miss the hobgoblin. The ball python barely misses you.
The ball python constricts you. The hobgoblin hits you.
You die...

#⌠...⌠#.. #..<..#.?
#.....#..
#..>..#.### #####
##⌠...⌠#...##.....
##.######..........
#.#######..........
##.##.......g....>.
#.#..##...@S......
##...##...........
###..............
#####..........
.........?.
...(....(...
#.........###
#.#####...#


You could see a hobgoblin and a ball python.

Vanquished Creatures
  A ball python (D:1)
1 creature vanquished.

Notes
Turn   | Place    | Note
-------+----------+-------------------------------------------
     0 | D:1      | joshua the Minotaur Berserker began the quest for the Orb.
     0 | D:1      | Reached XP level 1. HP: 19/19 MP: 0/0
    24 | D:1      | Slain by a hobgoblin

Illustrated notes

Levels and vault maps discovered:
D:1:      amcnicky_arrival_gap_in_the_tavern_cellar, layout_rooms

Action                   || total
-------------------------++-------
Melee: Hand axe          ||     5
       Headbutt          ||     1
Dodge: Dodged            ||     7
